 Dungeon Crawl Stone Soup version 0.29-a0-197-ge3fb4bd5a4 (webtiles) character file.

Game seed: 4165279273708193958

1482 Crownlay the Chiller (level 8, -6/58 HPs)
             Began as a Gnoll Ice Elementalist on Feb 22, 2022.
             Mangled by a two-headed ogre
             ... wielding a +0 giant club
              (7 damage)
             ... on level 6 of the Dungeon.
             The game lasted 00:12:56 (6152 turns).

Crownlay the Chiller (Gnoll Ice Elementalist)       Turns: 6152, Time: 00:12:56

Health: -6/58      AC: 19    Str:  7    XL:     8   Next: 79%
Magic:  14/17      EV: 14    Int: 17    God:
Gold:   548        SH:  0    Dex: 13    Spells: 8/19 levels left

rFire   . . .      SeeInvis .   y - +2 dagger (protect)
rCold   . . .      Faith    .   (no shield)
rNeg    . . .      Spirit   .   a - +0 robe
rPois   .          Reflect  .   j - +0 helmet
rElec   .          Harm     .   (no cloak)
rCorr   .          Rampage  .   l - +0 pair of gloves
Will    +....                   (no boots)
Stlth   +++.......              n - amulet of magic regeneration
HPRegen 0.19/turn               q - ring of willpower
MPRegen 0.55/turn               (no ring)

@: ice-armoured, under a protective aura, freezing walls
A: fangs 1, strong nose, distributed training
a: no special abilities


You were on level 6 of the Dungeon.
You visited 1 branch of the dungeon, and saw 6 of its levels.
You also visited: Sewer.

You collected 548 gold pieces.

Inventory:

Hand Weapons
 p - a +0 hunting sling
 y - a +2 dagger of protection (weapon)
Armour
 a - a +0 robe (worn)
 g - a +0 buckler
 j - a +0 helmet (worn)
 l - a +0 pair of gloves (worn)
Jewellery
 k - the amulet "Atarud" {Acrobat rF+}
   (You found it on level 2 of the Dungeon)

   [amulet of the acrobat]

   It increases your evasion while moving and waiting.
   rF:        It protects you from fire.
 n - an amulet of magic regeneration (around neck)
 q - a ring of willpower (left hand)
 s - an amulet of faith
Wands
 w - a wand of flame (13)
Scrolls
 c - 7 scrolls of teleportation
 d - a scroll of amnesia {unknown}
 e - 2 scrolls of immolation
 h - a scroll of noise
 o - a scroll of summoning {unknown}
 r - a scroll of enchant armour {unknown}
 t - a scroll of holy word
 u - a scroll of acquirement {unknown}
 x - a scroll of identify {unknown}
 A - a scroll of torment {unknown}
Potions
 b - 2 potions of mutation {unknown}
 f - 2 potions of flight {unknown}
 i - 2 potions of curing
 m - a potion of resistance
 v - 2 potions of berserk rage {unknown}
 z - 2 potions of might {unknown}
 B - a potion of brilliance {unknown}


   Skills:
 + Level 3.5 Fighting
 + Level 3.5 Short Blades
 + Level 3.5 Long Blades
 + Level 3.5 Axes
 + Level 3.5 Maces & Flails
 + Level 3.5 Polearms
 + Level 3.5 Staves
 + Level 3.5 Slings
 + Level 3.5 Bows
 + Level 3.5 Crossbows
 + Level 3.5 Throwing
 + Level 3.5 Armour
 + Level 5.9 Dodging
 + Level 5.5 Stealth
 + Level 3.5 Shields
 + Level 3.5 Unarmed Combat
 + Level 6.2 Spellcasting
 + Level 2.9 Conjurations
 + Level 2.9 Hexes
 + Level 2.9 Summonings
 + Level 2.9 Necromancy
 + Level 2.9 Translocations
 + Level 2.9 Transmutations
 + Level 2.9 Fire Magic
 + Level 7.7 Ice Magic
 + Level 2.9 Air Magic
 + Level 2.9 Earth Magic
 + Level 2.9 Poison Magic
 + Level 3.9 Invocations
 + Level 3.5 Evocations


You had 8 spell levels left.
You knew the following spells:

 Your Spells              Type           Power      Damage    Failure   Level
a - Freeze                Ice            100%       1d11      1%          1
b - Frozen Ramparts       Ice            62%        1d8       1%          3
c - Ozocubu's Armour      Ice            31%        N/A       1%          3
d - Searing Ray           Conj           30%        2d5       5%          2
e - Passwall              Tmut/Erth      12%        N/A       5%          2

Your spell library contained the following spells:

 Spells                   Type           Power      Damage    Failure   Level
 Ensorcelled Hibernation  Hex/Ice        46%        N/A       1%          2
 Magic Dart               Conj           60%        1d6       3%          1
 Corpse Rot               Necr/Air       30%        N/A       5%          2
 Swiftness                Air            15%        N/A       11%         3
 Hailstorm                Conj/Ice       23%        3d7       14%         4
 Dispel Undead            Necr           15%        3d10      36%         4
 Fulminant Prism          Conj/Hex       7%         3d7       36%         4
 Death Channel            Necr           7%         N/A       99%         6


Dungeon Overview and Level Annotations

Branches:
Dungeon (6/15)              Sewer (visited)
 Temple: D:4-7

Altars:
Elyvilon
Hepliaklqana
Yredelemnul

Shops:
D:1 (


Innate Abilities, Weirdness & Mutations

You have very sharp teeth.
Your uncanny sense of smell can sniff out nearby items.
Your experience applies equally to all skills.


Message History

A film of ice covers your body!
The two-headed ogre shouts in stereo!
You hit the two-headed ogre.
Your weapon exudes an aura of protection.
You bite the two-headed ogre, but do no damage.
The two-headed ogre is lightly wounded.
The wall freezes the two-headed ogre!
The two-headed ogre hits you but does no damage.
The two-headed ogre closely misses you.
You hit the two-headed ogre but do no damage.
The two-headed ogre is lightly wounded.
The wall freezes the two-headed ogre.
The two-headed ogre hits you with a +0 giant club.
The two-headed ogre hits you with a +0 giant club!!
You hit the two-headed ogre but do no damage.
You bite the two-headed ogre, but do no damage.
The two-headed ogre is moderately wounded.
You hit the two-headed ogre. You bite the two-headed ogre.
The two-headed ogre is moderately wounded.
The wall freezes the two-headed ogre!
The two-headed ogre hits you with a +0 giant club!!
The two-headed ogre barely misses you.
You are too injured to fight recklessly!
You are too injured to fight recklessly!
Casting: Ozocubu's Armour (safe; 1% risk of failure)
Confirm with . or Enter, or press ? or * to list all spells.
You cannot sustain more frozen ramparts right now.
Casting: Frozen Ramparts (safe; 1% risk of failure)
Confirm with . or Enter, or press ? or * to list all spells.
Aiming: Searing Ray (safe; 5% risk of failure)
Press: ? - help, Shift-Dir - straight line, f - two-headed ogre
Aim: a two-headed ogre, wielding two +0 giant clubs (heavily wounded, 89% to hit)
The searing ray hits the two-headed ogre!
The two-headed ogre is heavily wounded. (Press . to maintain the ray.)
The wall freezes the two-headed ogre.
The two-headed ogre hits you with a +0 giant club!
* * * LOW HITPOINT WARNING * * *
The two-headed ogre hits you with a +0 giant club!
You die...

###..#<###.#.#...
#...................
#..###........#.#...
#.. ##.###.####.#...
#.............#.# ..
+..###.#....#.#.# ..
#.. #....#.#.# .
#.O#####....#.#
#..@........#.#
#...........#.#
...............#[#
..............#.#.#
.#.##.####.##.....
.. ... #.#......# .
.... ..#........
##### #### ...###. ∆
.+


You could see a two-headed ogre.

Vanquished Creatures
  Pikel (D:5)
  Menkaure (D:5)
  A water moccasin (Sewer)
  An ogre (D:5)
  2 phantoms
  Blork the orc (D:5)
  A water moccasin zombie (D:5)
  A water moccasin skeleton (D:5)
  A hound (D:5)
  An orc priest (D:4)
  A bullfrog skeleton (D:4)
  An iguana (D:5)
  Terence (D:2)
  2 orc wizards (D:4)
  Ijyb (D:3)
  A hound skeleton (D:5)
  8 adders
  An ufetubus (D:4)
  2 worms
  3 dart slugs
  9 orcs
  9 ball pythons
  5 bats
  5 endoplasms
  3 giant cockroaches
  4 goblins
  3 hobgoblins
  10 kobolds
  5 quokkas
  5 frilled lizards
  8 rats
98 creatures vanquished.

Notes
Turn   | Place    | Note
-------+----------+-------------------------------------------
     0 | D:1      | Crownlay the Gnoll Ice Elementalist began the quest for the
                  | Orb.
     0 | D:1      | Reached XP level 1. HP: 13/13 MP: 6/6
   199 | D:1      | Reached XP level 2. HP: 14/19 MP: 5/7
   609 | D:1      | Found Umubu's Weapon Emporium.
   614 | D:1      | Found a faded altar of an unknown god.
   716 | D:1      | Reached XP level 3. HP: 25/25 MP: 6/9
   722 | D:1      | Reached skill level 5 in Spellcasting
  1005 | D:2      | Reached skill level 1 in Invocations
  1212 | D:2      | Learned a level 3 spell: Frozen Ramparts
  1216 | D:2      | Learned a level 3 spell: Ozocubu's Armour
  1269 | D:2      | Noticed Terence
  1278 | D:2      | Killed Terence
  1279 | D:2      | Reached skill level 1 in Fighting
  1279 | D:2      | Reached skill level 1 in Short Blades
  1279 | D:2      | Reached skill level 1 in Long Blades
  1279 | D:2      | Reached skill level 1 in Axes
  1279 | D:2      | Reached skill level 1 in Maces & Flails
  1279 | D:2      | Reached skill level 1 in Polearms
  1279 | D:2      | Reached skill level 1 in Staves
  1279 | D:2      | Reached skill level 1 in Slings
  1279 | D:2      | Reached skill level 1 in Bows
  1279 | D:2      | Reached skill level 1 in Crossbows
  1279 | D:2      | Reached skill level 1 in Throwing
  1279 | D:2      | Reached skill level 1 in Armour
  1279 | D:2      | Reached skill level 1 in Shields
  1279 | D:2      | Reached skill level 1 in Unarmed Combat
  1279 | D:2      | Reached skill level 1 in Evocations
  1279 | D:2      | Reached XP level 4. HP: 26/32 MP: 7/11
  1372 | D:2      | Identified the amulet "Atarud" {Acrobat rF+}
  1429 | D:2      | Reached skill level 1 in Conjurations
  1429 | D:2      | Reached skill level 1 in Hexes
  1429 | D:2      | Reached skill level 1 in Summonings
  1429 | D:2      | Reached skill level 1 in Necromancy
  1429 | D:2      | Reached skill level 1 in Translocations
  1429 | D:2      | Reached skill level 1 in Transmutations
  1429 | D:2      | Reached skill level 1 in Fire Magic
  1429 | D:2      | Reached skill level 1 in Air Magic
  1429 | D:2      | Reached skill level 1 in Earth Magic
  1429 | D:2      | Reached skill level 1 in Poison Magic
  1680 | D:2      | Found a basalt altar of Yredelemnul.
  1693 | D:2      | Learned a level 2 spell: Searing Ray
  2132 | D:3      | Reached XP level 5. HP: 36/37 MP: 6/12
  2311 | D:3      | Found a white marble altar of Elyvilon.
  2482 | D:3      | Found a hazy altar of Hepliaklqana.
  2584 | D:3      | Noticed Ijyb
  2590 | D:3      | Killed Ijyb
  2797 | D:4      | Noticed a phantom
  2814 | D:4      | HP: 1/37 [phantom (5)]
  2821 | D:4      | HP: 1/37 [phantom (6)]
  3158 | D:4      | Reached XP level 6. HP: 30/44 MP: 9/13
  3583 | D:4      | Reached skill level 5 in Dodging
  3613 | D:4      | Learned a level 2 spell: Passwall
  4284 | D:5      | Entered Level 5 of the Dungeon
  4301 | D:5      | Reached XP level 7. HP: 34/50 MP: 12/15
  4329 | D:5      | Found a glowing drain.
  4351 | Sewer    | Entered a sewer
  4994 | D:5      | Reached skill level 5 in Stealth
  5043 | D:5      | Noticed Blork the orc
  5052 | D:5      | Killed Blork the orc
  5431 | D:5      | Reached XP level 8. HP: 43/57 MP: 14/16
  5562 | D:5      | Noticed Pikel
  5569 | D:5      | Killed Pikel
  5778 | D:5      | Noticed Menkaure
  5794 | D:5      | Killed Menkaure
  6141 | D:6      | Noticed a two-headed ogre
  6152 | D:6      | HP: 1/58 [two-headed ogre/+0 giant club (17)]
  6152 | D:6      | Mangled by a two-headed ogre

Illustrated notes

Levels and vault maps discovered:
D:1:      lightli_arrival_lavapool, layout_basic,
          ebering_ecumenical_altar_sacrificial, serial_shops, shop,
          minmay_tetromino_i2
D:2:      layout_loops_ring, basic_altar, minmay_pentomino_pile, uniq_terence
D:3:      layout_basic, elyvilon_altar_5, mainiacjoe_overflow_catwalk, uniq_ijyb
D:4:      layout_cave_pods, serial_column_ruins, column_ruins_courtyard_long,
          column_ruins_hut, column_ruins_grid_1, column_ruins_corridor_corner,
          column_ruins_open_tiny, column_ruins_open_large,
          column_ruins_corridor_straight
D:5:      layout_gridville, cheibrodos_sewer_entry_bend,
          chequers_decorated_corner, kennysheep_generic_room_7, uniq_menkaure,
          uniq_blork_the_orc, uniq_pikel
D:6:      layout_basic, minmay_temple_entry_fiery, minmay_fountain_box,
          minmay_tree_intersection

Skill      XL: |  1  2  3  4  5  6  7  8 |
---------------+-------------------------+-----
Spellcasting   | 5 6 |  6.2
Invocations    | 1 2 3 |  3.9
Fighting       | 1 2 3 |  3.5
Short Blades   | 1 2 3 |  3.5
Long Blades    | 1 2 3 |  3.5
Axes           | 1 2 3 |  3.5
Maces & Flails | 1 2 3 |  3.5
Polearms       | 1 2 3 |  3.5
Staves         | 1 2 3 |  3.5
Slings         | 1 2 3 |  3.5
Bows           | 1 2 3 |  3.5
Crossbows      | 1 2 3 |  3.5
Throwing       | 1 2 3 |  3.5
Armour         | 1 2 3 |  3.5
Shields        | 1 2 3 |  3.5
Unarmed Combat | 1 2 3 |  3.5
Evocations     | 1 2 3 |  3.5
Conjurations   | 1 2 |  2.9
Hexes          | 1 2 |  2.9
Summonings     | 1 2 |  2.9
Necromancy     | 1 2 |  2.9
Translocations | 1 2 |  2.9
Transmutations | 1 2 |  2.9
Fire Magic     | 1 2 |  2.9
Air Magic      | 1 2 |  2.9
Earth Magic    | 1 2 |  2.9
Poison Magic   | 1 2 |  2.9
Dodging        | 5 |  5.9
Stealth        | 5 |  5.5
Ice Magic      | |  7.7

Action                   |  1- 3 |  4- 6 |  7- 9 || total
-------------------------+-------+-------+-------++-------
Melee: Dagger            |     7 |    19 |    51 ||    77
       Unarmed           |     2 |       |       ||     2
       Bite              |       |     2 |    11 ||    13
 Fire: Hunting sling     |       |   153 |    73 ||   226
 Cast: Freeze            |    36 |    12 |     1 ||    49
       Searing Ray       |       |     7 |     2 ||     9
       Ozocubu's Armour  |       |     4 |     8 ||    12
       Frozen Ramparts   |       |     6 |    11 ||    17
Evoke: Wand              |       |     4 |       ||     4
  Use: Scroll            |     1 |     4 |       ||     5
       Potion            |       |     2 |       ||     2
 Stab: Sleeping          |     1 |       |       ||     1
Armor: Robe              |     2 |    27 |    44 ||    73
Dodge: Dodged            |    22 |    57 |    60 ||   139
Block: Buckler           |       |     1 |       ||     1

Table legend: (Time is in decaauts)
 A = Elapsed time spent in this place.
 B = Non-inter-level travel time spent in this place.
 C = Inter-level travel time spent in this place.
 D = Time resting spent in this place.
 E = Time spent auto-exploring this place.
 F = Levels seen in this place.
 G = Mean time per level.
                   A        B        C        D        E       F      G
               +--------+--------+--------+--------+--------+-----+--------+
         Total |   6221 |   6040 |    181 |    284 |   4813 |   7 |  888.7 |
       Dungeon |   5789 |   5608 |    181 |    284 |   4417 |   6 |  964.8 |
         Sewer |    431 |    431 |      0 |      0 |    395 |   1 |  431.0 |
               +--------+--------+--------+--------+--------+-----+--------+

Top non-repeatable levels by time:
     D:4: 1578 daAuts
     D:5: 1401 daAuts
     D:2: 1140 daAuts
     D:1: 954 daAuts
     D:3: 652 daAuts
   Sewer: 431 daAuts
     D:6: 62 daAuts
